 Dungeon Crawl Stone Soup version 0.31.0-9-g3a7656b989 (webtiles) character file.

Game seed: 1120689621712396702

3317 Killerpretzel the Changeling (level 10, -2/69 HPs)
             Began as an Octopode Shapeshifter on Feb 6, 2024.
             Was an Initiate of Gozag.
             Slain by a killer bee (9 damage)
             ... on level 10 of the Dungeon.
             The game lasted 00:34:50 (10714 turns).

Killerpretzel the Changeling (OpSh)                Turns: 10714, Time: 00:34:51

Health: -2/69      AC:  1    Str: 16    XL:     10   Next: 1%
Magic:  10/10      EV: 16    Int: 18    God:    Gozag
Gold:   1347       SH:  0    Dex: 14    Spells: 9/9 levels left

rFire   + .          .
                       - Unarmed
rCold   . . .        (no shield)
rNeg    + . .        (helmet currently unavailable)
rPois   .            o - amulet of magic regeneration
rElec   .            d - ring of resist corrosion
rCorr   +            v - ring of positive energy
SInv    .            A - ring of protection from fire
Will    .....        r - +6 ring of intelligence
Stlth   ++           (no ring)
HPRegen 0.31/turn    (no ring)
MPRegen 0.52/turn    (no ring)
                     (no ring)

%: no passive effects
@: lethally poisoned (-2 -> -6), about to teleport, beast-form
A: beast (slay +4), almost no armour, amphibious, 8 rings, camouflage 1,
gelatinous body 1, (nimble swimmer 1), tentacles
a: Begin Untransformation, Renounce Religion, Potion Petition, Call Merchant,
Bribe Branch


You were on level 10 of the Dungeon.
You worshipped Gozag.
Gozag was most pleased with you.
You were a hulking beast.
You visited 1 branch of the dungeon, and saw 10 of its levels.

You collected 1432 gold pieces.
You paid 85 gold pieces to Gozag.

Inventory:

Missiles
 E - 9 boomerangs (quivered)
Jewellery
 d - a ring of resist corrosion (left tentacle)
 k - a ring of ice
 o - an amulet of magic regeneration (around mantle)
 r - a +6 ring of intelligence (on tentacle)
 v - a ring of positive energy (right tentacle)
 A - a ring of protection from fire (on tentacle)
Talismans
 b - a beast talisman
 c - a flux talisman
Wands
 a - a wand of paralysis (17)
 m - a wand of flame (29)
 p - a wand of polymorph (11)
 q - a wand of roots (4)
 w - a wand of mindburst (13)
Scrolls
 h - 2 scrolls of poison
 i - 3 scrolls of fog
 l - 2 scrolls of immolation
 s - a scroll of enchant armour {unknown}
 u - 2 scrolls of amnesia
 x - a scroll of fear {unknown}
 y - 2 scrolls of vulnerability {unknown}
 C - a scroll of enchant weapon {unknown}
 D - 2 scrolls of identify
Potions
 e - 2 potions of cancellation
 f - 2 potions of mutation
 g - a potion of brilliance
 j - a potion of enlightenment {unknown}
 n - a potion of invisibility
 z - a potion of ambrosia
 B - a potion of haste {unknown}
 F - a potion of heal wounds


   Skills:
 + Level 6.5 Fighting
 + Level 6.8 Dodging
 + Level 7.2 Unarmed Combat
 * Level 7.9 Shapeshifting


You had 9 spell levels left.
You didn't know any spells.
Your spell library contained the following spells:

 Spells                   Type           Power      Damage    Failure   Level
 Magic Dart               Conj           0%         1d3       22%         1
 Slow                     Hex            0%         N/A       22%         1
 Searing Ray              Conj           0%         2d4       32%         2
 Confusing Touch          Hex            0%         N/A       54%         3
 Sigil of Binding         Hex            0%         N/A       54%         3
 Vampiric Draining        Necr           0%         2d6       54%         3
 Fulminant Prism          Conj/Alch      0%         3d5       91%         4
 Summon Lightning Spire   Summ/Air       0%         N/A       91%         4
 Lee's Rapid Deconstruct  Erth           0%         3d4*      99%         5
 Animate Armour           Summ/Erth      Unusable   N/A       N/A         4

Dungeon Overview and Level Annotations

Branches:
Dungeon (10/15)            Temple (0/1) D:6            Lair (0/5) D:10
    Orc: D:9-12

Altars:
Gozag

Annotations:
D:6 exclusion: downstairs, Prince Ribbit
D:8 Maggie; Pikel
D:9 1 runed translucent door, exclusion: door, Erica; popper's ghost, novice SpHu
D:10 Nergalle


Innate Abilities, Weirdness & Mutations

You are a hulking beast.
Your limbs bulge with bestial killing power. (Slay +4)
You cannot wear most types of armour.
You are amphibious.
You can wear up to eight rings at the same time.
Your skin changes colour to match your surroundings (Stealth+).
Your rubbery body absorbs attacks. (AC +1, EV +1)
((You are camouflaged when in or above water. (Stealth+)))
You have tentacles for arms and can constrict up to eight enemies at once.


Message History

The killer bee misses you. The killer bee misses you.
You tentacle-slap the killer bee. Your grab misses the killer bee.
The killer bee is lightly wounded.
The killer bee barely misses you.
You barely miss the killer bee. Your grab misses the killer bee.
The killer bee is lightly wounded.
The killer bee misses you. x2; The killer bee closely misses you.
The killer bee misses you.
The killer bee attacks as it pursues you!
The killer bee barely misses you. The killer bee misses you.
The killer bee closely misses you. The killer bee completely misses you.
The killer bee completely misses you. x2
The killer bee attacks as it pursues you!
The killer bee misses you. x2; The killer bee barely misses you.
The killer bee stings you.
The killer bee attacks as it pursues you!
The killer bee stings you. x2; The killer bee closely misses you.
The killer bee barely misses you.
The killer bee attacks as it pursues you!
The killer bee stings you!
The killer bee attacks as it pursues you!
The killer bee stings you.
You are poisoned.
The killer bee poisons you! The killer bee stings you!
The killer bee completely misses you. The killer bee barely misses you.
You feel sick.
The killer bee attacks as it pursues you!
The killer bee barely misses you. x2; The killer bee closely misses you.
The killer bee stings you! The killer bee completely misses you.
The killer bee misses you.
As you read the scroll of teleportation, it crumbles to dust.
You feel strangely unstable.
You feel sick. The killer bee stings you!
* * * LOW HITPOINT WARNING * * *
The killer bee closely misses you. The killer bee misses you.
The killer bee stings you!
* * * LOW HITPOINT WARNING * * *
The killer bee misses you. The killer bee stings you!
You die...
Your body crumbles into a pile of gold.

..#...#.......#......#
###...######..########
...............#.....#
...............'.....#
.>.............#.....#
.#.........###########......#
.#...................#......#
.#...............y...#......#
.#..............hy...#......#
.#.............yyy...#..y...#
##...................# ....
.#...................###y####
.#..........................#
.#..<.......................#
.########......#######......#
..#.....#......#............#
..#.....#......#............#


You could see 5 killer bees.

Vanquished Creatures
  A shadow (D:6)
  An acid dragon (D:7)
  2 ice beasts
  3 orc warriors
  An ogre (D:4)
  7 centaurs
  3 lemures (D:8)
  2 phantoms
  5 kobold brigands
  3 bullfrogs (D:9)
  Blork the orc (D:5)
  A gnoll sergeant (D:9)
  2 scorpions
  A howler monkey (D:6)
  A quasit (D:7)
  3 orc priests
  2 jellies
  3 hounds
  A gnoll bouda (D:5)
  2 iguanas (D:5)
  4 orc wizards
  A sleepcap (D:6)
  15 adders
  17 gnolls
  6 white imps
  7 ufetubi
  4 dart slugs
  18 orcs
  2 bats (D:1)
  4 endoplasms
  5 giant cockroaches
  2 goblins
  5 hobgoblins
  24 kobolds
  3 quokkas
  8 ball pythons
  3 frilled lizards
  11 rats
184 creatures vanquished.

Notes
Turn   | Place    | Note
-------+----------+-------------------------------------------
     0 | D:1      | Killerpretzel the Octopode Shapeshifter began the quest for
                  | the Orb.
     0 | D:1      | Reached XP level 1. HP: 13/13 MP: 1/1
   193 | D:1      | Reached XP level 2. HP: 14/18 MP: 2/2
   426 | D:1      | Reached XP level 3. HP: 19/23 MP: 3/3
   734 | D:2      | Found a faded altar of an unknown god.
   875 | D:2      | Noticed a phantom
   898 | D:2      | Killed a phantom
   899 | D:2      | Reached XP level 4. HP: 13/30 MP: 4/4
   899 | D:2      | Reached XP level 5. HP: 15/35 MP: 5/5
  2041 | D:3      | Reached XP level 6. HP: 26/41 MP: 6/6
  2428 | D:3      | HP: 2/42 [constriction (1)]
  2789 | D:4      | Found an opulent altar of Gozag.
  2798 | D:4      | Became a worshipper of Gozag Ym Sagoz the Greedy
  3224 | D:4      | Reached XP level 7. HP: 44/46 MP: 7/7
  3617 | D:5      | Entered Level 5 of the Dungeon
  3914 | D:5      | Noticed Blork the orc
  3922 | D:5      | Killed Blork the orc
  4043 | D:5      | You fall into a shaft and drop 3 floors!
  4224 | D:8      | Noticed Pikel
  4288 | D:8      | Noticed Maggie
  4369 | D:6      | Reached skill level 5 in Unarmed Combat
  4586 | D:5      | Reached XP level 8. HP: 39/54 MP: 8/8
  4590 | D:5      | Reached skill level 5 in Shapeshifting
  5307 | D:5      | Reached skill level 5 in Dodging
  5691 | D:6      | Noticed Prince Ribbit
  6059 | D:6      | Reached skill level 5 in Fighting
  6311 | D:6      | Noticed a shadow
  6341 | D:6      | Killed a shadow
  6575 | D:6      | Found a staircase to the Ecumenical Temple.
  6769 | D:7      | Noticed a yak
  6769 | D:7      | Noticed a yak
  6769 | D:7      | Noticed a yak
  6770 | D:7      | Noticed a yak
  6862 | D:7      | Reached XP level 9. HP: 31/61 MP: 9/9
  8416 | D:9      | Found a runed translucent door.
  8417 | D:9      | Noticed a meliai
  8417 | D:9      | Noticed popper's ghost (novice SpHu)
 10027 | D:9      | Noticed Erica
 10303 | D:10     | Entered Level 10 of the Dungeon
 10391 | D:10     | Found a staircase to the Lair.
 10554 | D:10     | Reached XP level 10. HP: 63/69 MP: 10/10
 10605 | D:10     | Noticed Nergalle
 10714 | D:10     | Slain by a killer bee

Illustrated notes

Levels and vault maps discovered:
D:1:      onia_arrival_mini_maze_b, layout_rooms
D:2:      layout_basic, hellmonk_ecumenical_altar_lost_god
D:3:      layout_rooms, chequers_decorated_corner
D:4:      layout_cave_pods, nicolae_gozag_seed_capital
D:5:      layout_basic, uniq_blork_the_orc
D:6:      layout_loops_ring, minmay_temple_entry_enclosed_plants,
          uniq_prince_ribbit1
D:7:      layout_gridville, serial_demonic, serial_demonic_e, serial_demonic_a,
          serial_demonic_f, serial_demonic_a
D:8:      nicolae_hitomezashi [nicolae_hito_row, nicolae_hito_row,
          nicolae_hito_row, nicolae_hito_row, nicolae_hito_row,
          nicolae_hito_row, nicolae_hito_row, nicolae_hito_row,
          nicolae_hito_row, nicolae_hito_row, nicolae_hito_row,
          nicolae_hito_row, nicolae_hito_row, nicolae_hito_row,
          nicolae_hito_row, nicolae_hito_row, nicolae_hito_row,
          nicolae_hito_row], layout_basic, kennysheep_generic_room_14,
          uniq_pikel, uniq_maggie
D:9:      layout_gridville, ebering_ghost_inner_flame,
          amcnicky_mini_rare_corridor_liquid, uniq_erica
D:10:     layout_grid_maze, lair_entry_dummy, nicolae_where_there's_smoke,
          uniq_amaemon, uniq_nergalle

Skill      XL: |  1  2  3  4  5  6  7  8  9 |
---------------+----------------------------+-----
Fighting       | 2 3 4 5 6 |  6.5
Dodging        | 3 4 5 6 |  6.8
Unarmed Combat | 4 5 6 7 |  7.2
Shapeshifting  | 4 6 7 |  7.9

Action                     |  1- 3 |  4- 6 |  7- 9 | 10-12 || total
---------------------------+-------+-------+-------+-------++-------
  Melee: Unarmed           |    65 |    92 |   297 |     2 ||   456
         Constrict         |     9 |    18 |    72 |       ||    99
         Tentacles         |     4 |    18 |    61 |       ||    83
         Punch             |       |     7 |    15 |       ||    22
  Throw: Boomerang         |       |    16 |    23 |       ||    39
         Throwing net      |       |       |     1 |       ||     1
    Use: Potion            |     1 |     4 |     6 |       ||    11
         Scroll            |       |    13 |     5 |     1 ||    19
   Stab: Sleeping          |     4 |     7 |     8 |       ||    19
         Distracted        |       |     2 |       |       ||     2
 Armour: Skin              |    49 |    77 |   158 |    10 ||   294
  Dodge: Dodged            |    31 |   106 |   197 |    28 ||   362
